 Dungeon Crawl Stone Soup version 0.20.0-15-g7f486f2 (webtiles) character file.

4 NoAnimeNoLife the Sneak (level 1, -2/9 HPs)
             Began as a Spriggan Enchanter on June 13, 2017.
             Slain by a crimson imp (4 damage)
             ... on level 7 of the Dungeon.
             The game lasted 00:04:04 (892 turns).

NoAnimeNoLife the Sneak (Spriggan Enchanter)         Turns: 892, Time: 00:04:04

Health: -2/9       AC:  2    Str:  9    XL:     1   Next: 58%
Magic:  5/5        EV: 18    Int: 16    God:
Gold:   8          SH:  0    Dex: 16    Spells: 4/5 levels left

rFire    . . .     SeeInvis +   a - +1 dagger
rCold    . . .     Gourm    .   (shield restricted)
rNeg     . . .     Faith    .   b - +0 robe
rPois    .         Spirit   .   (helmet restricted)
rElec    .         Reflect  .   (no cloak)
rCorr    .         Harm     .   (gloves unavailable)
MR       .....                  (boots unavailable)
Stlth    +++.......             (no amulet)
Regen    0.1/turn               e - +5 ring of strength
MPRegen  0.1/turn               (no ring)

@: very quick
A: unfitting armour, see invisible, herbivore 3, speed 3, slow metabolism 2
a: no special abilities


You were on level 7 of the Dungeon.
You were not hungry.

You visited 1 branch of the dungeon, and saw 7 of its levels.

You collected 8 gold pieces.

Inventory:

Hand Weapons
 a - a +1 dagger (weapon)
Armour
 b - a +0 robe (worn)
Jewellery
 e - a +5 ring of strength (left hand)
Scrolls
 h - a scroll of identify {unknown}
 i - a scroll of enchant armour {unknown}
Potions
 f - a potion of agility {unknown}
 g - a potion of curing {unknown}
Books
 c - a book of Maledictions

   Spells                             Type                      Level
   a - Corona                         Hexes                        1
   b - Ensorcelled Hibernation        Hexes/Ice                    2
   c - Confuse                        Hexes                        3
   d - Tukima's Dance                 Hexes                        3
   e - Dazzling Spray                 Conjuration/Hexes            3
Comestibles
 d - a bread ration


   Skills:
 + Level 1.1 Short Blades
 + Level 3.3 Dodging
 + Level 4.6 Stealth
 + Level 2.6 Spellcasting
 + Level 3.7 Hexes


You had 4 spell levels left.
You knew the following spells:

 Your Spells              Type           Power        Failure   Level  Hunger
a - Corona                Hex            ##.....      4%          1    #......


Dungeon Overview and Level Annotations

Branches:
Dungeon (7/15)
 Temple: D:4-7

Altars:
Ashenzari
Qazlal
Vehumet
Yredelemnul
Zin

Shops:
D:7 [


Innate Abilities, Weirdness & Mutations

You are very small and have problems with some larger weapons.
You are too small for most types of armour.
You have supernaturally acute eyesight. (SInv)
You are a herbivore.
You cover ground extremely quickly.
You need consume almost no food.


Message History

You hit the crimson imp.
The crimson imp is lightly wounded.
The crimson imp spits at you.
The crimson imp blinks!
You hit the crimson imp but do no damage.
You barely miss the crimson imp. The crimson imp hits you.
You barely miss the crimson imp. The crimson imp hits you.
* * * LOW HITPOINT WARNING * * *
You miss the crimson imp. The crimson imp misses you.
You closely miss the crimson imp. The crimson imp closely misses you.
You hit the crimson imp.
The crimson imp is lightly wounded.
The crimson imp closely misses you.
You hit the crimson imp.
The crimson imp is moderately wounded.
The crimson imp barely misses you.
You closely miss the crimson imp.
The crimson imp is lightly wounded.
The crimson imp hits you.
You die...

#########
#.5@....#
#.####### #.# #
#.# #. #.#
#..###########.#
#..............#
.###..5########
#...#


You could see a crimson imp.

Vanquished Creatures
  An adder zombie (D:7)
  A bat (D:5)
2 creatures vanquished.

Notes
Turn   | Place    | Note
-------+----------+-------------------------------------------
     0 | D:1      | NoAnimeNoLife the Spriggan Enchanter began the quest for the Orb.
     0 | D:1      | Reached XP level 1. HP: 9/9 MP: 5/5
    59 | D:2      | Found a basalt altar of Yredelemnul.
   155 | D:3      | Found a shattered altar of Ashenzari.
   443 | D:4      | Found a stormy altar of Qazlal.
   471 | D:5      | Entered Level 5 of the Dungeon
   499 | D:5      | Found a glowing silver altar of Zin.
   597 | D:5      | Noticed an ogre
   640 | D:5      | Noticed a jelly
   754 | D:5      | Found a radiant altar of Vehumet.
   791 | D:5      | Noticed an orc wizard
   796 | D:5      | Noticed an orc wizard
   799 | D:6      | Noticed a jelly
   828 | D:7      | Noticed a bullfrog
   838 | D:7      | Noticed a crimson imp
   844 | D:7      | Noticed a crimson imp
   846 | D:7      | Found Birecvof's Antique Armour Emporium.
   892 | D:7      | Slain by a crimson imp

Action                   || total
-------------------------++-------
Melee: Dagger            ||    23
  Use: Scroll            ||     1
Armor: Robe              ||    16
Dodge: Dodged            ||   110
